 Dungeon Crawl Stone Soup version 0.25.0-26-g0c896c7088 (webtiles) character file.

Game seed: 18291468029861808274

4928 xccam the Martial Artist (level 10, 0/68 HPs)
             Began as an Octopode Monk on July 2, 2020.
             Was a Priest of Uskayaw.
             Slain by a gnoll sergeant
             ... wielding a +1 trident of freezing
              (9 damage)
             ... on level 9 of the Dungeon.
             The game lasted 00:13:34 (9507 turns).

xccam the Martial Artist (Octopode Monk)            Turns: 9507, Time: 00:13:36

Health: 0/68       AC:  3    Str: 11    XL:     10   Next: 52%
Magic:  15/15      EV: 19    Int: 14    God:    Uskayaw [***...]
Gold:   529        SH:  5    Dex: 25    Spells: 9/9 levels left

rFire    + + .     SeeInvis .     - Unarmed
rCold    + . .     Gourm    .   (no shield)
rNeg     . . .     Faith    .   o - +2 hat
rPois    .         Spirit   .   i - amulet of reflection
rElec    .         Reflect  +   j - ring "Wab Niun" {*Contam +Blink rF+ Dex+9 Stlth+}
rCorr    +         Harm     .   v - ring of resist corrosion
MR       .....                  x - ring of protection from cold
Stlth    ++++++....             y - ring of protection from cold
HPRegen  0.21/turn              q - ring of fire
MPRegen  0.14/turn              (no ring)
                                (no ring)
                                (no ring)

@: mighty
A: almost no armour, stealthy swim, amphibious, 8 rings, constrict 8, camouflage
1, gelatinous body 1
a: Stomp, Line Pass, Renounce Religion, Evoke Blink


You were on level 9 of the Dungeon.
You worshipped Uskayaw.
Uskayaw was noncommittal.
You were near starving.

You visited 2 branches of the dungeon, and saw 10 of its levels.

You collected 529 gold pieces.

Inventory:

Armour
 o - a +2 hat (worn)
Jewellery
 i - an amulet of reflection (around mantle)
 j - the ring "Wab Niun" (left tentacle) {*Contam +Blink rF+ Dex+9 Stlth+}
   (You found it on level 4 of the Dungeon)

   [ring of protection from fire]

   It affects your dexterity (+9).
   It protects you from fire.
   It lets you blink.
   It causes magical contamination when unequipped.
   It makes you more stealthy.
 q - a ring of fire (on tentacle)
 v - a ring of resist corrosion (right tentacle)
 x - a ring of protection from cold (on tentacle)
 y - a ring of protection from cold (on tentacle)
Wands
 t - a wand of paralysis (15)
Scrolls
 c - 6 scrolls of teleportation
 e - 6 scrolls of remove curse
 f - 3 scrolls of magic mapping
 g - a scroll of fog
 n - a scroll of immolation
 r - a scroll of enchant armour
 s - a scroll of amnesia
 z - a scroll of vulnerability {unknown}
 C - a scroll of identify
Potions
 b - 2 potions of heal wounds
 d - a potion of magic {unknown}
 h - 3 potions of curing {unknown}
 k - 4 potions of brilliance
 l - a potion of might
 m - a potion of cancellation {unknown}
 p - 2 potions of stabbing {unknown}
 u - a potion of resistance {unknown}
 w - a potion of degeneration {unknown}
 A - a potion of berserk rage {unknown}
Comestibles
 a - 16 rations
 B - 6 chunks of flesh


   Skills:
 - Level 6.0 Fighting
 + Level 6.2 Dodging
 + Level 6.4 Stealth
 - Level 11.0 Unarmed Combat
 + Level 7.2 Invocations


You had 9 spell levels left.
You didn't know any spells.
Your spell library contained the following spells:

 Spells                   Type           Power        Failure   Level  Hunger
 Beastly Appendage        Tmut           #.....       28%         1    ##.....
 Magic Dart               Conj           #...         28%         1    ##.....
 Searing Ray              Conj           #.....       41%         2    ###....
 Sticks to Snakes         Tmut           #.......     41%         2    ###....
 Dazzling Flash           Conj/Hex       #.....       65%         3    ####...
 Spider Form              Tmut/Pois      #.........   65%         3    ####...
 Fulminant Prism          Conj/Hex       #.........   96%         4    #####..
 Ice Form                 Ice/Tmut       #.......     96%         4    #####..
 Iskenderun's Mystic Bla  Conj/Tloc      #.......     96%         4    #####..
 Blade Hands              Tmut           #.........   100%        5    ######.


Dungeon Overview and Level Annotations

Branches:
Dungeon (9/15)             Temple (1/1) D:4
   Lair: D:8-11         Orc: D:9-12

Altars:
Dithmenos
Elyvilon
Fedhas
Hepliaklqana
Kikubaaqudgha
Nemelex Xobeh
Okawaru
Qazlal
Ru
Trog
Uskayaw
Vehumet
Wu Jian
Yredelemnul
Zin
The Shining One

Shops:
D:4 =   D:5 (:[(


Innate Abilities, Weirdness & Mutations

You cannot wear most types of armour.
You are very stealthy in the water. (Stealth+)
You are amphibious.
You can wear up to eight rings at the same time.
You can use your tentacles to constrict eight enemies at once.
Your skin changes colour to match your surroundings (Stealth+).
Your rubbery body absorbs attacks. (AC +1, EV +1)


Message History

You are near starving!
The gnoll sergeant misses you.
You closely miss the hungry ghost.
The hungry ghost is moderately damaged.
You block the hungry ghost's attack.
You tentacle-slap the hungry ghost. Your squeeze misses the hungry ghost.
The hungry ghost is heavily damaged.
The gnoll sergeant closely misses you. The gnoll barely misses you.
You miss the hungry ghost. You squeeze the hungry ghost!
The hungry ghost is severely damaged.
The hungry ghost hits you.
You feel somewhat more hungry. You block the gnoll sergeant's attack.
Uskayaw will force your foes to helplessly watch your dance.
You miss the hungry ghost. Your squeeze misses the hungry ghost.
The hungry ghost is severely damaged.
The gnoll hits you with a +0 flail!
* * * LOW HITPOINT WARNING * * *
The hungry ghost barely misses you.
The gnoll sergeant hits you from afar with a +1 trident of freezing!
You die...

#................## ##
#.......Y........###.##
...#.......#.#....#....
..##.........#........ .#
##.........(.#...#
#.####.....##g.....#####
..#............gY...#...
..........#..÷##Wg#...#
.......#.#######@##...##
.......#.....#.........#
.....(..............##.#
.........#..#.##..^...#
.........#..###..##..##
...........#####.#....#
...............#[#....##
##.....................##
####........##...<÷.....#


You could see a yak, a hungry ghost, a gnoll sergeant and a gnoll.

Vanquished Creatures
  Harold (D:8)
  A hornet (D:8)
  A hippogriff (D:9)
  Sigmund (D:2)
  A water moccasin (D:8)
  3 ice beasts
  A necrophage (D:9)
  3 ogres
  3 centaurs
  2 sky beasts
  Blork the orc (D:6)
  8 bullfrogs
  A gnoll sergeant (D:8)
  A wyvern zombie (D:9)
  A wyvern skeleton (D:9)
  A scorpion (D:5)
  5 wights (D:6)
  2 howler monkeys (D:7)
  7 electric eels (D:7)
  4 crimson imps
  A jelly (D:7)
  6 orc priests
  A bullfrog skeleton (D:7)
  A centaur skeleton (D:6)
  2 hounds
  4 iguanas
  9 orc wizards
  5 worker ants
  A howler monkey skeleton (D:4)
  5 adders
  11 gnolls
  An ooze (D:3)
  2 adder skeletons (D:7)
  An adder zombie (D:6)
  3 worms
  A dart slug (D:2)
  6 leopard geckos
  35 orcs
  6 bats
  2 giant cockroaches
  6 goblins
  A hobgoblin (D:3)
  8 jackals
  2 quokkas
  A ball python (D:2)
  A ball python skeleton (D:4)
  A ball python zombie (D:6)
  2 frilled lizards
  7 kobolds
  A leopard gecko skeleton (D:5)
  3 rats
184 creatures vanquished.

Notes
Turn   | Place    | Note
-------+----------+-------------------------------------------
     0 | D:1      | xccam the Octopode Monk began the quest for the Orb.
     0 | D:1      | Reached XP level 1. HP: 16/16 MP: 1/1
   286 | D:1      | Reached XP level 2. HP: 21/21 MP: 2/2
   705 | D:2      | You fall into a shaft and drop 2 floors!
   711 | D:4      | Found a staircase to the Ecumenical Temple.
   720 | Temple   | Entered the Ecumenical Temple
   848 | Temple   | Became a worshipper of Uskayaw the Reveler
   848 | Temple   | Reached * piety under Uskayaw
   898 | D:4      | Reached ** piety under Uskayaw
   899 | D:4      | Reached skill level 4 in Unarmed Combat
   899 | D:4      | Reached XP level 3. HP: 7/26 MP: 3/3
  1217 | D:4      | Found Lowanez's Jewellery Shop.
  1295 | D:4      | Reached skill level 5 in Unarmed Combat
  1295 | D:4      | Reached XP level 4. HP: 31/31 MP: 4/4
  1303 | D:4      | Noticed an ogre
  1338 | D:3      | Found a stormy altar of Qazlal.
  2035 | D:2      | Found an ancient bone altar of Kikubaaqudgha.
  2201 | D:2      | Noticed Sigmund
  2653 | D:2      | Killed Sigmund
  2653 | D:2      | Reached skill level 6 in Unarmed Combat
  2653 | D:2      | Reached skill level 5 in Stealth
  2653 | D:2      | Reached XP level 5. HP: 36/36 MP: 5/5
  2653 | D:2      | Reached XP level 6. HP: 42/42 MP: 6/6
  3171 | D:4      | Got a brightly glowing lapis lazuli ring
  3172 | D:4      | Identified the ring "Wab Niun" {*Contam +Blink rF+ Dex+9
                  | Stlth+} (You found it on level 4 of the Dungeon)
  3337 | D:4      | Reached *** piety under Uskayaw
  3630 | D:5      | Entered Level 5 of the Dungeon
  3662 | D:5      | Reached XP level 7. HP: 18/47 MP: 7/7
  3664 | D:5      | Reached **** piety under Uskayaw
  3913 | D:5      | Found Coymen's Armour Boutique.
  3945 | D:5      | Found Ekhoiph's Weapon Boutique.
  4152 | D:5      | Found Milig's Antique Weapon Boutique.
  4250 | D:5      | Found Byxaaw's Book Emporium.
  4346 | D:5      | Found a sacrificial altar of Ru.
  4451 | D:6      | Reached skill level 5 in Fighting
  4451 | D:6      | Reached skill level 5 in Dodging
  4457 | D:6      | Reached XP level 8. HP: 20/55 MP: 1/8
  4461 | D:6      | Reached ***** piety under Uskayaw
  5025 | D:6      | Reached skill level 1 in Invocations
  5255 | D:6      | Noticed Blork the orc
  5265 | D:6      | Killed Blork the orc
  5577 | D:6      | Reached XP level 9. HP: 62/62 MP: 12/12
  6258 | D:7      | Reached skill level 5 in Invocations
  6295 | D:7      | Reached skill level 7 in Unarmed Combat
  7455 | D:7      | Found a sparkling altar of Nemelex Xobeh.
  7458 | D:7      | Found a glowing golden altar of the Shining One.
  7461 | D:7      | Found a radiant altar of Vehumet.
  7464 | D:7      | Found a white marble altar of Elyvilon.
  7476 | D:7      | Reached skill level 8 in Unarmed Combat
  8036 | D:8      | Noticed Harold
  8102 | D:8      | Paralysed by Harold for 2 turns
  8116 | D:8      | Killed Harold
  8116 | D:8      | Reached skill level 10 in Unarmed Combat
  8116 | D:8      | Reached XP level 10. HP: 27/68 MP: 15/15
  9311 | D:9      | Reached skill level 11 in Unarmed Combat
  9507 | D:9      | Slain by a gnoll sergeant

Illustrated notes

Levels and vault maps discovered:
D:1:      dpeg_arrival_lava_temple_mockup, layout_basic,
          minmay_misc_feat_more_columns, bh_walls_and_bars
D:2:      layout_loops_ring, lemuel_crystal_altar, uniq_sigmund
D:3:      layout_loops_corners, first_ration, serial_glass, glass_columns_a,
          glass_columns_b, glass_columns_a, glass_columns_a, glass_columns_b,
          glass_columns_c, glass_columns_b, glass_columns_a, glass_columns_c,
          glass_columns_b, glass_columns_a, glass_columns_a, glass_columns_a,
          glass_columns_a, nicolae_qazlal_general_emergency
D:4:      layout_loops_cross, minmay_temple_entry_statues_fountains,
          serial_shops, shop, portal_sewer_entry_d
D:5:      layout_basic, nicolae_ru_sacrificial_ziggurat, serial_shops,
          nicolae_shop_temple_entry_statues_fountains, shop_coins,
          kennysheep_mini, shop_fountains
D:6:      layout_cave_pods, mrwooster_statue_mirror, roderic_lattice_a,
          eino_tiny_chamber, uniq_blork_the_orc
D:7:      layout_rooms, grunt_temple_overflow_cloverleaf, serial_bayou_lagoon_b
D:8:      layout_loops_ring, uniq_harold
D:9:      layout_cave_pools, lemuel_round_altar, minmay_overflow_temple_hex,
          special_room [special_room_orc], serial_park
Temple:   kb_temple_of_zot

Skill      XL: |  1  2  3  4  5  6  7  8  9 10 |
---------------+-------------------------------+-----
Unarmed Combat | 4 5 6 10 11 | 11.0
Stealth        | 5 6 |  6.4
Fighting       | 5 6 |  6.0
Dodging        | 5 6 |  6.2
Invocations    | 4 7 |  7.2

Action                   |  1- 3 |  4- 6 |  7- 9 | 10-12 || total
-------------------------+-------+-------+-------+-------++-------
Melee: Unarmed           |    28 |    86 |   236 |   107 ||   457
       Constrict         |     6 |    20 |    54 |    18 ||    98
       Tentacles         |     4 |    18 |    90 |    30 ||   142
       Punch             |       |     5 |    27 |    13 ||    45
Invok: Stomp             |       |       |     2 |       ||     2
  Use: Scroll            |       |     6 |     7 |       ||    13
       Potion            |       |     1 |     3 |     1 ||     5
 Stab: Sleeping          |     7 |    13 |    18 |    11 ||    49
       Paralysed         |       |     1 |    22 |     6 ||    29
       Distracted        |       |       |     2 |       ||     2
  Eat: Chunk             |       |     8 |    14 |     5 ||    27
Armor: Skin              |     2 |     5 |    10 |     8 ||    25
Dodge: Dodged            |    13 |    51 |   126 |    55 ||   245
Block: Other             |       |    11 |    31 |    22 ||    64
       Reflection        |       |       |     2 |       ||     2
